 Dungeon Crawl Stone Soup version 0.19-a0-198-gc02d5d8 (webtiles) character file.

53252 Chemotherapy the Jinx (level 14, -1/73 HPs)
             Began as a Spriggan Enchanter on May 22, 2016.
             Was the Champion of Dithmenos.
             Killed by divine providence
             ... invoked by a smoke demon
             ... summoned by an orc high priest
              (13 damage)
             ... on level 1 of the Orcish Mines on May 23, 2016.
             The game lasted 01:11:23 (23767 turns).

Chemotherapy the Jinx (Spriggan Enchanter)         Turns: 23767, Time: 01:11:24

Health: -1/73      AC:  5    Str: 13    XL:     14   Next: 30%
Magic:  9/27       EV: 32    Int: 23    God:    Dithmenos [******]
Gold:   1979       SH:  0    Dex: 16    Spells: 5 memorised, 22 levels left

rFire  + . .     SeeInvis +     J - +4 dagger (venom)
rCold  . . .     Gourm    .     I - +2 robe {rF+}
rNeg   . . .     Faith    .     (shield restricted)
rPois  .         Spirit   .     (helmet restricted)
rElec  .         Dismiss  +     x - +0 cloak
rCorr  .         Reflect  .     (gloves unavailable)
SustAt .         Harm     .     (boots unavailable)
MR     ++...                    Q - amulet of dismissal
Stlth  +++++++++.               r - +3 ring of evasion
                                F - +6 ring of strength

@: wreathed by umbra, very quick, very resistant to hostile enchantments,
incredibly stealthy
A: unfitting armour, hooves 1, repulsion field 1, see invisible, clever 1,
herbivore 3, speed 3, low mp 1, slow metabolism 2, strong 1
a: Shadow Step, Shadow Form, Renounce Religion


You were on level 1 of the Orcish Mines.
You worshipped Dithmenos.
Dithmenos was exalted by your worship.
You were not hungry.

You visited 3 branches of the dungeon, and saw 20 of its levels.
You also visited: Labyrinth, Ossuary, Ice Cave and Volcano.

You collected 1979 gold pieces.

Inventory:

Hand Weapons
 a - a +1 short sword of freezing
   (You took it off an orc on level 1 of the Orcish Mines)
 J - a +4 dagger of venom (weapon)
   (You found it on level 6 of the Dungeon)
Missiles
 o - 7 needles of sleeping
 O - 8 curare-tipped needles
Armour
 x - a +0 cloak (worn)
   (You took it off Crazy Yiuf on level 7 of the Dungeon)
 I - a +2 robe of fire resistance (worn)
   (You found it in a volcano)
Jewellery
 i - an uncursed ring of positive energy {rN+}
   (You found it on level 7 of the Dungeon)
 q - an uncursed ring of wizardry {Wiz+, !d}
   (You found it on level 3 of the Dungeon)
 r - a +3 ring of evasion (right hand)
   (You found it on level 3 of the Dungeon)
 E - an uncursed ring of flight {+Fly, !d}
   (You found it on level 9 of the Dungeon)
 F - a +6 ring of strength (left hand)
   (You found it on level 2 of the Lair of Beasts)
 N - an uncursed ring of protection from fire {rF+, !d}
   (You found it on level 7 of the Lair of Beasts)
 Q - an amulet of dismissal (around neck)
   (You found it on level 3 of the Lair of Beasts)
 X - an uncursed ring of ice {rC+, rF-}
   (You found it on level 4 of the Lair of Beasts)
Wands
 c - a wand of iceblast (0/15)
   (You found it on level 6 of the Dungeon)
 f - a wand of slowing (23/48)
   (You found it on level 5 of the Lair of Beasts)
 g - a wand of iceblast (8/15)
   (You found it on level 8 of the Lair of Beasts)
 t - a wand of lightning (5/15)
   (You found it on level 4 of the Lair of Beasts)
 y - a wand of confusion (22/48)
   (You found it on level 7 of the Dungeon)
 D - a wand of disintegration (12/24)
   (You found it on level 10 of the Dungeon)
 H - a wand of teleportation (4/9)
   (You found it on level 9 of the Dungeon)
 M - a wand of disintegration (12/24)
   (You found it on level 8 of the Lair of Beasts)
 R - a wand of acid (1/15)
   (You found it on level 4 of the Lair of Beasts)
 V - a wand of digging (8/24)
   (You found it on level 3 of the Lair of Beasts)
Scrolls
 j - 16 scrolls of remove curse
 k - 5 scrolls of recharging
 l - a scroll of identify
 n - 4 scrolls of enchant armour
 A - 2 scrolls of fear
 G - 3 scrolls of enchant weapon
 L - 2 scrolls of amnesia
 W - a scroll of blinking {!r}
 Y - a scroll of fog
Potions
 b - a potion of berserk rage {!q}
 e - 4 potions of degeneration {unknown}
 h - a potion of ambrosia
 m - 6 potions of curing
 p - a potion of haste {unknown}
 s - 3 potions of heal wounds
 v - a potion of resistance
 w - 3 potions of flight
 z - 6 potions of agility
 T - 2 potions of cancellation
 U - a potion of magic
Books
 C - a book of the Tempests
   (You found it on level 8 of the Dungeon)
 P - a book of Ice
   (You found it on level 8 of the Lair of Beasts)
Miscellaneous
 u - a phantom mirror
 K - a plain deck of war
   (You found it in a labyrinth)
 S - a fan of gales (inert)
   (You found it on level 8 of the Lair of Beasts)
 Z - a sack of spiders
   (You found it on level 8 of the Lair of Beasts)
Comestibles
 d - 8 bread rations {@e1}
 B - 12 fruits


   Skills:
 + Level 8.1 Fighting
 - Level 11.0 Short Blades
 + Level 11.9 Dodging
 - Level 11.1 Stealth
 - Level 11.1 Spellcasting
 + Level 13.1 Hexes
 - Level 2.5 Ice Magic
 + Level 7.6 Air Magic
 + Level 10.9 Evocations


You had 22 spell levels left.
You knew the following spells:

 Your Spells              Type           Power        Failure   Level  Hunger
a - Ensorcelled Hibernat  Hex/Ice        #####.       1%          2    None
b - Dazzling Spray        Conj/Hex       #####.       1%          3    None
c - Confuse               Hex            ######..     1%          3    None
d - Static Discharge      Conj/Air       ####....     3%          3    None
e - Repel Missiles        Chrm/Air       ####..       1%          2    None


Dungeon Overview and Level Annotations

Branches:
Dungeon (10/15)            Temple (0/1) D:6            Lair (8/8) D:10
 Shoals (0/4) Lair:6        Snake (0/4) Lair:4        Slime (0/6) Lair:6
    Orc (2/2) D:10
    Elf: Orc:2

Altars:
Dithmenos
Elyvilon
Gozag
Kikubaaqudgha
Pakellas
Qazlal
Sif Muna
Trog
Zin
The Shining One

Shops:
D:2 }   D:4 *

Annotations:
Lair:2 Harold


Innate Abilities, Weirdness & Mutations

You are tiny and cannot use many weapons and most armour.
You have supernaturally acute eyesight. (SInv)
You are a herbivore.
You cover ground extremely quickly.
You need consume almost no food.
You have large cloven feet.
You are surrounded by a mild repulsion field. (EV +2)
Your mind is acute. (Int +2)
Your magical capacity is low. (-10% MP)
Your muscles are strong. (Str +2)


Message History

The orc high priest resists with some effort.
The orc shouts!
The orc completely misses you. x2
The orc knight roars a battlecry!
The orc priest goes into a battle-frenzy!
The orc high priest prays to Beogh.
You now have 8/27 mp.
The orc priest completely misses you. The orc completely misses you. x2
The orange demon misses you.
The orc high priest completely misses you.
You climb upwards.
There is a stone staircase leading down here.
Things that are here:
a chain mail; a hand axe You hit the orc high priest but do no damage.
The orc high priest is poisoned.
The orc priest completely misses you. The orc barely misses you.
The orc completely misses you.
You hit the orc high priest.
The orc high priest looks even sicker.
Your kick misses the orc high priest.
You hit the orc high priest but do no damage.
The orc high priest mumbles some strange prayers to Beogh.
The orc priest completely misses you. The orc misses you.
You closely miss the orc high priest. Your kick misses the orc high priest.
The orc completely misses you.
You hit the orc high priest but do no damage.
The orc high priest says, "The wrath of Beogh will be yours."
The orc high priest prays to Beogh.
The orange demon barely misses you. The orc hits you with a whip!
You take 6 damage, and have 56/73 hp.
You hit the orc high priest but do no damage.
The orc priest misses you. The orc completely misses you.
You hit the orc high priest but do no damage.
The orc high priest invokes the aid of Beogh against you.
You resist with almost no effort.
The orange demon stings you but does no damage.
The orc closely misses you.
You hit the orc high priest but do no damage.
The orc priest completely misses you.
Aim: an orc, wielding a whip and wearing a ring mail (unusually strong, umbra, chance to defeat MR: 94%)
The orc appears confused.
The orc completely misses you.
The orc high priest prays to Beogh.
The orange demon completely misses you.
The orc priest calls down the wrath of Beogh upon you.
Beogh smites you!
You take 13 damage, and have 43/73 hp.
You now have 7/27 mp.
You hit the orc.
The orc is poisoned.
You kick the orc, but do no damage.
The soul eater disappears in a puff of smoke!
The orc high priest closely misses you. The orc barely misses you.
The orange demon completely misses you.
You hit the orc but do no damage.
The orc looks even sicker.
The orc priest completely misses you. The red devil misses you.
You hit the orc but do no damage. The orange demon completely misses you.
The orc hits you with a flail of crushing!
You take 9 damage, and have 34/73 hp.
You hit the orc. You kick the orc, but do no damage.
The orc high priest completely misses you.
The orc priest barely misses you.
You barely miss the orc. The red devil barely misses you.
The orange demon stings you from afar.
You are poisoned.
The orange demon poisons you!
You take 1 damage, and have 34/73 hp.
You feel sick.
You kill the orc!
Dithmenos accepts your kill. The orc misses you.
You take 2 damage, and have 32/73 hp.
You feel sick. The red devil completely misses you.
You take 1 damage, and have 31/73 hp.
You feel sick.
The orc high priest mumbles some strange prayers to Beogh against you.
Beogh smites you!
* * * LOW HITPOINT WARNING * * *
You take 11 damage, and have 20/73 hp.
The orc priest calls down the wrath of Beogh upon you.
Beogh smites you!
* * * LOW HITPOINT WARNING * * *
You take 14 damage, and have 6/73 hp.
Drink which item? (? for menu, Esc to quit)
You feel better. The orc misses you.
You regained 5 hp, and now have 11/73 hp.
Read which item? (? for menu, Esc to quit)
Okay, then.
Read which item? (? for menu, Esc to quit)
As you read the scroll of fear, it crumbles to dust.
You assume a fearsome visage.
The orc looks frightened!
The orc high priest resists with almost no effort.
The orange demon is unaffected.
The smoke demon is unaffected.
The red devil is unaffected.
The red devil misses you.
The orange demon stings you but does no damage.
Read which item? (? for menu, Esc to quit)
Okay, then.
A fierce wind blows from the fan.
The monsters around you are blown away!
The winds coalesce and take form.
The orc howls in fear.
The smoke demon gestures at you. Beogh smites you!
You die...

##.####...#....## ###
#.....#.## ##.......#
#.......######
##.)....#.##.##
###[.##.........#
#....###....##.##
##....#.....#### ##
##...@.E..###.#### ##.
##......###...#.###..
####.....###.......#^..
##)##3E....##......#....
#....)4....##..#....#...
##oo4[.#...#...#......##
#.o.####o...#####...###
#.....##.[...###......#
###.....[[#............


You could see an orc high priest, an orange demon, a smoke demon, a red devil,
an orc priest, an orc (fleeing) and 2 friendly air elementals.

Vanquished Creatures
  2 dire elephants
  A minotaur (Lab)
  2 hydras
  Erolcha (D:9)
  An ogre mage (Volcano)
  An anaconda (Lair:8)
  Urug (Lair:2)
  The ghost of SirSamVimes the Carver, a novice FoAK of Lugonu (D:8)
  2 hill giants
  An orc knight (Orc:1)
  An orc sorcerer (Orc:1)
  6 griffons
  A manticore (Lair:6)
  28 elephants
  A guardian serpent (Lair:4)
  Joseph (D:9)
  The ghost of Senri the Ruffian, a novice VSMo (D:6)
  Psyche (D:8)
  4 black mambas
  11 spiny frogs
  2 molten gargoyles (Volcano)
  4 rime drakes
  15 komodo dragons
  2 trolls
  3 two-headed ogres (Volcano)
  16 blink frogs
  A spriggan (Lair:4)
  23 yaks
  A wyvern (D:8)
  3 basilisks
  11 hippogriffs
  Grum (D:9)
  A hungry ghost (D:10)
  A soldier ant (D:10)
  9 porcupines
  A warg (Orc:1)
  12 water moccasins
  16 orc warriors
  3 black bears
  2 sky beasts
  2 ice beasts
  9 ogres
  4 wolves (D:9)
  5 phantoms
  5 centaurs
  12 crocodiles
  19 giant frogs
  A water moccasin zombie (D:5)
  3 scorpions
  A troll zombie (D:10)
  3 wights (D:9)
  3 crimson imps
  A quasit (D:9)
  4 centaur skeletons
  2 centaur zombies
  4 hounds
  2 jellies
  14 orc wizards
  11 orc priests
  Crazy Yiuf (D:7)
  2 giant frog skeletons
  Ijyb (D:3)
  8 worker ants
  Natasha (twice) (D:3)
  15 iguanas
  A killer bee zombie (D:7)
  5 ogre zombies (D:10)
  9 sheep
  A big kobold zombie (Ossuary)
  A hound zombie (D:4)
  2 mummies (Ossuary)
  A worker ant zombie (D:10)
  4 gnolls (D:6)
  9 adders
  24 river rats
  2 shadow imps
  2 oozes
  An adder skeleton (D:5)
  An adder zombie (D:7)
  4 worms
  3 dart slugs
  3 giant geckos
  53 orcs
  5 giant cockroaches
  5 hobgoblins
  5 jackals
  4 quokkas
  5 bats
  2 giant gecko skeletons
  2 giant gecko zombies
  7 giant newts
  3 goblins
  A goblin skeleton (D:10)
  4 goblin zombies
  8 hobgoblin zombies
  4 kobolds
  A kobold skeleton (D:6)
  A kobold zombie (Ossuary)
  4 orc skeletons
  12 orc zombies
  A quokka zombie (D:4)
  10 rats
  A fungus (Lair:1)
  4 plants (Lair:8)
544 creatures vanquished.

Vanquished Creatures (others)
  An orc wizard (D:8)
  2 orcs (D:8)
  10 fungi
  14 plants
27 creatures vanquished.

Grand Total: 571 creatures vanquished

Notes
Turn   | Place    | Note
--------------------------------------------------------------
     0 | D:1      | Chemotherapy the Spriggan Enchanter began the quest for the Orb.
     0 | D:1      | Reached XP level 1. HP: 9/9 MP: 5/5
   269 | D:1      | Reached XP level 2. HP: 13/13 MP: 6/6
   302 | D:1      | Reached skill level 4 in Hexes
   560 | D:1      | Learned a level 2 spell: Ensorcelled Hibernation
   733 | D:1      | Reached skill level 2 in Short Blades
  1001 | D:2      | Reached XP level 3. HP: 16/16 MP: 8/8
  1069 | D:2      | Found a faded altar to an unknown god.
  1115 | D:2      | HP: 1/16 [dart slug/slug dart (6)]
  1418 | D:2      | Became a worshipper of Dithmenos the Shadowed
  1418 | D:2      | Reached * piety under Dithmenos
  1667 | D:2      | Found an oddly glowing altar of Pakellas.
  1667 | D:2      | Found Pakellas's Prime Provisions.
  1843 | D:2      | Learned a level 3 spell: Confuse
  2149 | D:3      | HP: 2/16 [rat (3)]
  2154 | D:3      | HP: 1/16 [rat (2)]
  2557 | D:3      | Noticed Natasha
  2566 | D:3      | Killed Natasha
  2566 | D:3      | Reached XP level 4. HP: 21/21 MP: 2/9
  2674 | D:3      | Noticed Ijyb
  2680 | D:3      | Killed Ijyb
  2680 | D:3      | Reached skill level 5 in Hexes
  2680 | D:3      | Reached skill level 1 in Ice Magic
  3074 | D:3      | Noticed Natasha
  3085 | D:3      | Killed Natasha
  3085 | D:3      | Reached ** piety under Dithmenos
  3085 | D:3      | Reached XP level 5. HP: 25/25 MP: 6/10
  3353 | D:4      | Reached skill level 1 in Fighting
  3353 | D:4      | Reached skill level 3 in Short Blades
  3353 | D:4      | Reached skill level 5 in Stealth
  3422 | D:4      | Reached XP level 6. HP: 27/30 MP: 8/11
  3804 | D:4      | Reached skill level 4 in Dodging
  3887 | D:4      | Learned a level 3 spell: Dazzling Spray
  3948 | D:4      | Found a glowing silver altar of Zin.
  3949 | D:4      | Found Zin's Purification Station.
  4033 | D:4      | Reached skill level 3 in Spellcasting
  4077 | D:4      | Noticed an ice beast
  4279 | D:4      | Killed an ice beast
  4279 | D:4      | Reached skill level 6 in Hexes
  4617 | D:5      | Entered Level 5 of the Dungeon
  4621 | D:5      | Found a sand-covered staircase.
  4633 | D:5      | Reached XP level 7. HP: 33/33 MP: 12/12
  4642 | Ossuary  | Entered an ossuary
  4682 | Ossuary  | Noticed icemanSX's ghost (novice MfGl)
  4737 | Ossuary  | Reached skill level 6 in Stealth
  4753 | Ossuary  | HP: 10/49 [icemanSX's ghost (4)]
  4985 | D:5      | Gained mutation: Your mind is acute. (Int +2) [potion of beneficial mutation]
  4987 | D:5      | Gained mutation: You have large cloven feet. [potion of mutation]
  4987 | D:5      | Gained mutation: You are clumsy. (Dex -2) [potion of mutation]
  4987 | D:5      | Gained mutation: Your muscles are strong. (Str +2) [potion of mutation]
  4988 | D:5      | Gained mutation: Your magical capacity is low. (-10% MP) [potion of mutation]
  4988 | D:5      | Lost mutation: You are clumsy. (Dex -2) [potion of mutation]
  4988 | D:5      | Gained mutation: You are surrounded by a mild repulsion field. (EV +2) [potion of mutation]
  5127 | D:5      | Found an ancient bone altar of Kikubaaqudgha.
  5290 | D:5      | Reached skill level 2 in Fighting
  5290 | D:5      | Reached skill level 4 in Short Blades
  5290 | D:5      | Reached skill level 2 in Ice Magic
  5452 | D:5      | Reached skill level 7 in Hexes
  5529 | D:5      | Reached skill level 5 in Dodging
  5560 | D:5      | Reached XP level 8. HP: 38/39 MP: 10/13
  5575 | D:5      | Reached skill level 4 in Spellcasting
  5767 | D:5      | Reached *** piety under Dithmenos
  5805 | D:5      | Reached skill level 7 in Stealth
  6123 | D:6      | Noticed Senri's ghost (novice VSMo)
  6278 | D:6      | Found a glowing golden altar of the Shining One.
  6375 | D:6      | Killed Senri's ghost
  6375 | D:6      | Reached skill level 3 in Fighting
  6375 | D:6      | Reached skill level 5 in Short Blades
  6375 | D:6      | Reached skill level 8 in Hexes
  6456 | D:6      | Reached skill level 5 in Spellcasting
  6595 | D:6      | Reached skill level 8 in Stealth
  6655 | D:6      | Found a staircase to the Ecumenical Temple.
  6695 | D:6      | Reached XP level 9. HP: 44/44 MP: 16/16
  7106 | D:6      | Found a white marble altar of Elyvilon.
  7320 | D:6      | Reached **** piety under Dithmenos
  7651 | D:7      | Noticed Crazy Yiuf
  7655 | D:7      | Killed Crazy Yiuf
  7717 | D:7      | Reached skill level 1 in Evocations
  7816 | D:7      | Reached skill level 9 in Hexes
  7982 | D:7      | Found an opulent altar of Gozag.
  8394 | D:8      | Reached skill level 9 in Stealth
  8463 | D:8      | Noticed Psyche
  8475 | D:8      | Killed Psyche
  8475 | D:8      | Reached skill level 4 in Fighting
  8475 | D:8      | Reached skill level 6 in Short Blades
  8475 | D:8      | Reached skill level 6 in Spellcasting
  8475 | D:8      | Reached skill level 2 in Evocations
  8530 | D:8      | Learned a level 3 spell: Static Discharge
  8605 | D:8      | Reached skill level 3 in Evocations
  8626 | D:8      | Reached skill level 1 in Air Magic
  8743 | D:8      | Noticed SirSamVimes's ghost (novice FoAK)
  8774 | D:8      | Killed SirSamVimes's ghost
  8774 | D:8      | Reached XP level 10. HP: 15/51 MP: 12/18
  9238 | D:8      | Found a stormy altar of Qazlal.
  9247 | D:8      | Found a deep blue altar of Sif Muna.
  9310 | D:8      | Reached skill level 2 in Air Magic
  9341 | D:8      | Reached skill level 4 in Evocations
  9361 | D:8      | Found a bloodstained altar of Trog.
  9762 | D:9      | Reached skill level 10 in Stealth
  9763 | D:9      | Noticed Joseph
  9769 | D:9      | Killed Joseph
  9769 | D:9      | Reached skill level 7 in Short Blades
  9769 | D:9      | Reached skill level 10 in Hexes
  9940 | D:9      | Noticed Erolcha
  9959 | D:9      | Reached skill level 7 in Spellcasting
  9969 | D:9      | Killed Erolcha
  9969 | D:9      | Reached skill level 6 in Dodging
  9973 | D:9      | Reached skill level 5 in Fighting
  9978 | D:9      | Reached skill level 3 in Air Magic
  9980 | D:9      | Noticed Grum
 10006 | D:9      | Killed Grum
 10006 | D:9      | Reached skill level 5 in Evocations
 10303 | D:10     | Entered Level 10 of the Dungeon
 10385 | D:10     | Reached ***** piety under Dithmenos
 10622 | D:10     | Found a staircase to the Orcish Mines.
 10623 | D:10     | Reached XP level 11. HP: 56/56 MP: 20/20
 10848 | D:10     | Found a staircase to the Lair.
 10901 | D:10     | Noticed a hill giant
 10908 | D:10     | Killed a hill giant
 11063 | D:10     | Reached skill level 7 in Dodging
 11425 | Lair:1   | Entered Level 1 of the Lair of Beasts
 11579 | Lair:1   | Found a frozen archway.
 11585 | IceCv    | Entered an ice cave
 11652 | Lair:1   | Noticed an eight-headed hydra
 11659 | Lair:1   | Noticed a catoblepas
 11669 | Lair:1   | Killed an eight-headed hydra
 11669 | Lair:1   | Reached skill level 11 in Stealth
 12124 | Lair:1   | Got a dazzling quarterstaff
 12125 | Lair:1   | Identified the cursed +3 quarterstaff "Kef Tic" {elec, +Inv rN+ Stlth+} (You found it on level 1 of the Lair of Beasts)
 12339 | Lair:1   | HP: 14/56 [komodo dragon (27)]
 12341 | Lair:1   | Reached skill level 8 in Short Blades
 12341 | Lair:1   | Reached skill level 6 in Evocations
 12725 | Lair:2   | Noticed Urug
 12855 | Lair:2   | HP: 8/56 [blink frog (10)]
 12869 | Lair:2   | Noticed Harold
 12978 | Lair:2   | Found a labyrinth entrance.
 12985 | Lab      | Entered a labyrinth
 13551 | Lab      | Noticed a minotaur
 13554 | Lab      | Killed a minotaur
 13554 | Lab      | Reached skill level 8 in Spellcasting
 13556 | Lab      | Identified the Handbook of Damaging Summoning
 13560 | Lab      | Upgraded the game from 0.19-a0-174-g09de571 to 0.19-a0-198-gc02d5d8
 13749 | Lair:2   | Reached skill level 4 in Air Magic
 13964 | Lair:2   | Killed Urug
 13964 | Lair:2   | Reached skill level 6 in Fighting
 13964 | Lair:2   | Reached skill level 8 in Dodging
 13964 | Lair:2   | Reached skill level 11 in Hexes
 14221 | Lair:2   | Reached skill level 7 in Evocations
 14335 | Lair:2   | Reached XP level 12. HP: 61/61 MP: 23/23
 15145 | Lair:3   | Reached skill level 9 in Short Blades
 15365 | Lair:3   | Reached skill level 9 in Dodging
 15365 | Lair:3   | Reached skill level 9 in Spellcasting
 15593 | Lair:3   | You fall through a shaft for 2 floors!
 15596 | Lair:5   | Reached skill level 5 in Air Magic
 15605 | Lair:5   | Reached ****** piety under Dithmenos
 15658 | Lair:4   | Reached skill level 8 in Evocations
 15773 | Lair:4   | Found a staircase to the Snake Pit.
 16305 | Lair:4   | Reached skill level 10 in Dodging
 16773 | Lair:4   | Reached skill level 12 in Hexes
 16990 | Lair:4   | Reached skill level 7 in Fighting
 16991 | Lair:4   | Noticed a dire elephant
 16995 | Lair:4   | Reached skill level 9 in Evocations
 16995 | Lair:4   | Reached XP level 13. HP: 67/67 MP: 14/25
 17004 | Lair:4   | Killed a dire elephant
 17013 | Lair:4   | Reached skill level 6 in Air Magic
 17176 | Lair:5   | Learned a level 2 spell: Repel Missiles
 17196 | Lair:5   | Reached skill level 10 in Spellcasting
 17955 | Lair:6   | Found a staircase to the Shoals.
 17970 | Lair:6   | Reached skill level 10 in Short Blades
 17992 | Lair:6   | Found a staircase to the Slime Pits.
 18027 | Lair:6   | Found a dark tunnel.
 18034 | Volcano  | Entered a volcano
 18162 | Volcano  | Found a radiant altar of Vehumet.
 19416 | Lair:7   | Reached skill level 11 in Dodging
 19439 | Lair:7   | HP: 15/67 [blink frog (13)]
 20083 | Lair:7   | Reached skill level 7 in Air Magic
 20083 | Lair:7   | Reached skill level 10 in Evocations
 20127 | Lair:8   | Entered Level 8 of the Lair of Beasts
 20950 | Lair:8   | Reached XP level 14. HP: 28/72 MP: 1/26
 21954 | Lair:8   | Reached skill level 11 in Spellcasting
 22244 | Lair:8   | Reached skill level 8 in Fighting
 22244 | Lair:8   | Reached skill level 13 in Hexes
 22626 | Orc:1    | Entered Level 1 of the Orcish Mines
 23123 | Orc:1    | Reached skill level 11 in Short Blades
 23659 | Orc:2    | Entered Level 2 of the Orcish Mines
 23762 | Orc:1    | HP: 6/73 [orc priest/divine providence (14)]
 23767 | Orc:1    | Killed from afar by a smoke demon

Vault maps used:
D:1:      dpeg_arrival_oval, serial_aquarium, aquarium_bridge_straight,
          aquarium_window_corner, aquarium_window_2, aquarium_view_2a,
          aquarium_view_4, aquarium_pool_2
D:2:      johnstein_pakellas_shop, ecumenical_altar_1, kennysheep_nub
D:3:      first_bread, uniq_natasha, uniq_iyjb
D:4:      zin_purify, serial_undead, serial_undead_f, serial_undead_c,
          serial_undead_d, serial_undead_a
D:5:      kiku_gazebo_pond_becter, lightli_ossuary_entry_decrepit_ruins
D:6:      marbit_many_paths, minmay_temple_entry_purple_smoke, minivault_5,
          nicolae_lava_and_water, amethyst_killhole,
          nicolae_tso_besieged_by_evil
D:7:      kennysheep_mini_moat, grunt_ogre_cave, solitary_fountain,
          uniq_crazy_yiuf_cottage
D:8:      amethyst_overflow_temple_binary, trog_ov_bears_minmay,
          minmay_misc_feat_nine_boxes, lemuel_flamethrower_2, uniq_psyche
D:9:      uniq_erolcha, uniq_grum, uniq_joseph
D:10:     dpeg_lair_monsters, zombieorc1_lemuel
Lair:1:   portal_ice_cave_entry_pillars_03
Lair:2:   beast_lair_carwin_large_4, lab_entry_generic,
          eino_small_chamber_without_monster, nicolae_lair_grove_arrangements,
          uniq_harold, uniq_urug
Lair:3:   minivault_24, serial_bayou_shore_a
Lair:4:   mu_elephants_graveyard, minmay_snake_entry_spellcaster
Lair:6:   minmay_shoals_entry_beasts, slime_dummy, nicolae_volcano_entry_s_turn,
          grunt_megastairs_3, infiniplex_staircase_pool
Lair:7:   grunt_megastairs_2
Lair:8:   due_jungle_book, grunt_forest_large_clearings
Orc:1:    lightli_orcish_oven
Orc:2:    st_orc_mages
Lab:      labyrinth_skeletal_remains
Ossuary:  ossuary_crypta
IceCv:    ice_cave_small_dragons
Volcano:  volcano_lake

Skill      XL: |  1  2  3  4  5  6  7  8  9 10 11 12 13 14 |
---------------+-------------------------------------------+-----
Hexes          | 4 5 6 7 8 9 10 11 12 13 | 13.1
Short Blades   | 2 3 4 5 6 7 8 9 10 11 | 11.0
Ice Magic      | 1 2 |  2.5
Fighting       | 1 2 3 4 5 6 7 8 |  8.1
Stealth        | 5 6 8 9 10 11 | 11.1
Dodging        | 4 5 6 8 10 11 | 11.9
Spellcasting   | 3 5 6 7 8 9 10 11 | 11.1
Evocations     | 3 5 7 9 10 | 10.9
Air Magic      | 1 3 4 5 7 |  7.6

Action                   |  1- 3 |  4- 6 |  7- 9 | 10-12 | 13-15 || total
-------------------------+-------+-------+-------+-------+-------++-------
Melee: Dagger            |   144 |    90 |   394 |   554 |   525 ||  1707
       Kick              |       |       |    87 |   115 |   171 ||   373
 Cast: Ensorcelled Hiber |    15 |    30 |    31 |   129 |   121 ||   326
       Confuse           |     3 |     8 |    30 |    21 |    55 ||   117
       Repel Missiles    |       |       |       |       |     1 ||     1
Invok: Shadow Step       |       |       |       |     2 |     1 ||     3
Evoke: Wand              |       |       |     1 |     1 |     6 ||     8
       Fan of gales      |       |       |       |       |     1 ||     1
  Use: Scroll            |     1 |     4 |    11 |    13 |     5 ||    34
       Potion            |       |       |     7 |       |     3 ||    10
 Stab: Sleeping          |    19 |    27 |    39 |   135 |   105 ||   325
       Confused          |     2 |     7 |    22 |    16 |    31 ||    78
       Distracted        |     1 |     1 |     4 |     6 |     4 ||    16
  Eat: Pizza             |       |     1 |       |       |     1 ||     2
       Fruit             |       |     3 |     3 |     1 |       ||     7
       Bread ration      |       |       |     1 |     1 |     1 ||     3
       Royal jelly       |       |       |       |     1 |       ||     1
Armor: Robe              |    14 |     7 |    15 |    13 |    14 ||    63
Dodge: Dodged            |   125 |    75 |   267 |   405 |   426 ||  1298
       Deflected         |       |       |       |       |     1 ||     1

Vault maps used:
D:1:      dpeg_arrival_oval, serial_aquarium, aquarium_bridge_straight,
          aquarium_window_corner, aquarium_window_2, aquarium_view_2a,
          aquarium_view_4, aquarium_pool_2
D:2:      johnstein_pakellas_shop, ecumenical_altar_1, kennysheep_nub
D:3:      first_bread, uniq_natasha, uniq_iyjb
D:4:      zin_purify, serial_undead, serial_undead_f, serial_undead_c,
          serial_undead_d, serial_undead_a
D:5:      kiku_gazebo_pond_becter, lightli_ossuary_entry_decrepit_ruins
D:6:      marbit_many_paths, minmay_temple_entry_purple_smoke, minivault_5,
          nicolae_lava_and_water, amethyst_killhole,
          nicolae_tso_besieged_by_evil
D:7:      kennysheep_mini_moat, grunt_ogre_cave, solitary_fountain,
          uniq_crazy_yiuf_cottage
D:8:      amethyst_overflow_temple_binary, trog_ov_bears_minmay,
          minmay_misc_feat_nine_boxes, lemuel_flamethrower_2, uniq_psyche
D:9:      uniq_erolcha, uniq_grum, uniq_joseph
D:10:     dpeg_lair_monsters, zombieorc1_lemuel
Lair:1:   portal_ice_cave_entry_pillars_03
Lair:2:   beast_lair_carwin_large_4, lab_entry_generic,
          eino_small_chamber_without_monster, nicolae_lair_grove_arrangements,
          uniq_harold, uniq_urug
Lair:3:   minivault_24, serial_bayou_shore_a
Lair:4:   mu_elephants_graveyard, minmay_snake_entry_spellcaster
Lair:6:   minmay_shoals_entry_beasts, slime_dummy, nicolae_volcano_entry_s_turn,
          grunt_megastairs_3, infiniplex_staircase_pool
Lair:7:   grunt_megastairs_2
Lair:8:   due_jungle_book, grunt_forest_large_clearings
Orc:1:    lightli_orcish_oven
Orc:2:    st_orc_mages
Lab:      labyrinth_skeletal_remains
Ossuary:  ossuary_crypta
IceCv:    ice_cave_small_dragons
Volcano:  volcano_lake

Table legend:
 A = Turns spent in this place as a percentage of turns spent in the entire game.
 B = Non-inter-level travel turns spent in this place as a percentage of non-inter-level travel turns spent in the entire game.
 C = Inter-level travel turns spent in this place as a percentage of turns spent in this place.
 D = Turns resting spent in this place as a percentage of non-inter-level travel turns spent in this place.
 E = Turns spent auto-exploring this place as a percentage of non-inter-level travel turns spent in this place.
 F = Non-inter-level travel turns spent in this place divided by the number of levels of this place that you've seen.
                   A       B       C       D       E      F
               +-------+-------+-------+-------+-------+----------------------
         Total | 100.0 | 100.0 |   0.4 |   3.1 |   6.0 | 295.8
       Dungeon |  40.8 |  40.7 |   0.6 |   3.8 |   8.7 | 289.2
          Lair |  39.1 |  39.1 |   0.3 |   3.2 |   5.1 | 347.2
  Orcish Mines |   6.1 |   6.1 |   0.5 |   3.9 |   6.0 | 216.5
     Labyrinth |   8.7 |   8.7 |   0.0 |   0.3 |   0.0 | 617.0
       Ossuary |   1.4 |   1.5 |   0.0 |   0.0 |   3.9 | 103.0
      Ice Cave |   0.0 |   0.0 |   0.0 |   0.0 |   0.0 |   3.0
       Volcano |   3.8 |   3.8 |   0.0 |   0.7 |   0.0 | 272.0
               +-------+-------+-------+-------+-------+----------------------

Table legend:
 A = Kills in this place as a percentage of kills in entire the game.
 B = Kills by you in this place as a percentage of kills by you in the entire game.
 C = Kills by friends in this place as a percentage of kills by friends in the entire game.
 D = Other kills in this place as a percentage of other kills in the entire game.
 E = Experience gained in this place as a percentage of experience gained in the entire game.
 F = Experience gained in this place divided by the number of levels of this place that you have seen.
                   A       B       C       D       E      F
               +-------+-------+-------+-------+-------+----------------------
         Total | 100.0 | 100.0 |  -nan | 100.0 | 100.0 | 3169.8
       Dungeon |  46.2 |  46.3 |  -nan |  40.0 |  17.1 | 1299.1
          Lair |  39.5 |  39.9 |  -nan |   0.0 |  71.2 | 6768.9
  Orcish Mines |  11.9 |  11.4 |  -nan |  60.0 |   6.1 | 2316.5
     Labyrinth |   0.2 |   0.2 |  -nan |   0.0 |   1.5 | 1118.0
       Ossuary |   0.7 |   0.7 |  -nan |   0.0 |   0.1 |  62.0
       Volcano |   1.5 |   1.5 |  -nan |   0.0 |   4.1 | 3120.0
               +-------+-------+-------+-------+-------+----------------------
